Map: Néo-Gettysburg EC

Players

zidar - Winner!

  • Race: Zerg Zerg
  • Spawn Location: 7:00

Mellox

  • Race: Zerg Zerg
  • Spawn Location: 5:00

VOD

Have the link to the VOD?

Description

Time

  • Played on: Oct. 19, 2016, 11:09 a.m.
  • Length: 15:23
Show
View Real Time Build Order
Export as new Build Order

zidar Zerg - Winner!

Build Orders: 1 Base Baneling Bust, Pool First, Zergling Baneling 

Get SALT Encoding   

  12  0:12  Drone  
  12  0:14  Drone  
  14  0:18  Extractor  
  14  0:19  Drone  
  14  0:25  Overlord  
  14  0:46  Spawning Pool  
  14  0:49  Drone  
  14  1:06  Overlord  
  14  1:33  Metabolic Boost  
  14  1:34  Queen  
  16  1:43  Zergling x2  
  16  1:44  Zergling x4  
  19  1:54  Baneling Nest  
  19  1:55  Drone  
  19  2:08  Zergling x2  
  20  2:19  Zergling x2  
  21  2:29  Zergling x2  
  22  2:40  Zergling x2  
  22  2:42  Zergling x2  
  24  2:45  Zergling x2  
  24  2:46  Zergling x2  
  26  3:11  Zergling x2  
  26  3:12  Zergling x2  
  28  3:15  Zergling x2  
  28  3:16  Zergling x2  
  30  3:20  Baneling  
  30  3:21  Baneling x5  
  20  4:09  Zergling x12  
  21  4:31  Queen  
  22  4:34  Overlord x2  
  21  4:47  Overlord  
  21  4:50  Hatchery  
  20  4:54  Baneling  
  20  4:56  Baneling x2  
  20  5:05  Drone x2  
  22  5:12  Lair  
  22  5:16  Drone  
  23  5:39  Drone  
  23  5:40  Drone x4  
  28  5:46  Extractor  
  27  5:56  Drone  
  28  6:03  Extractor  
  27  6:05  Extractor  
  26  6:13  Drone x4  
  30  6:24  Spire  
  30  6:32  Drone  
  30  6:33  Drone  
  30  6:35  Drone  
  30  6:36  Drone  
  33  6:46  Drone x2  
  35  7:02  Drone x4  
  39  7:26  Overlord  
  39  7:31  Drone x5  
  44  7:44  Mutalisk x3  
  44  7:45  Mutalisk  
  44  7:51  Overlord  
  52  8:03  Overlord  
  52  8:09  Mutalisk x3  
  58  8:13  Mutalisk  
  59  8:28  Mutalisk x3  
  65  8:36  Overlord  
  64  8:47  Mutalisk  
  66  8:51  Overlord  
  66  8:52  Overlord x2  
  66  9:08  Mutalisk x4  
  74  9:17  Mutalisk  
  74  9:21  Mutalisk  
  78  9:54  Mutalisk x2  
  78  9:55  Mutalisk x2  
  86  10:14  Mutalisk x2  
  80  11:27  Drone x3  
  80  11:28  Spire  
  80  11:30  Drone x3  
  79  12:10  Zergling x2  
  79  12:11  Zergling x10  
  68  12:57  Drone x3  
  61  13:06  Zergling x6  
  54  13:47  Overlord  
  53  13:49  Queen  
  53  13:50  Queen  
  53  13:53  Zergling x2  
  53  13:54  Zergling x2  
  59  13:55  Zergling x2  
  59  13:56  Zergling x4  
  59  14:18  Zergling x8  
  63  14:29  Mutalisk x2  
  67  14:39  Zergling x4  
Show
View Real Time Build Order
Export as new Build Order

Mellox Zerg 

Build Orders: 1 Base Baneling Bust, Pool First 

Get SALT Encoding   

  12  0:01  Drone  
  13  0:09  Drone  
  14  0:43  Spawning Pool  
  14  0:46  Drone  
  14  0:47  Extractor  
  14  0:48  Overlord  
  14  0:49  Overlord  
  13  0:57  Drone  
  14  1:14  Drone  
  15  1:20  Drone  
  16  1:29  Drone  
  17  1:43  Drone  
  17  1:45  Queen  
  20  1:49  Metabolic Boost  
  20  1:52  Zergling x2  
  21  2:09  Zergling x2  
  21  2:14  Baneling Nest  
  21  2:17  Drone  
  22  2:27  Spine Crawler  
  21  2:35  Hatchery  
  20  2:43  Drone x2  
  22  2:51  Evolution Chamber  
  21  2:57  Evolution Chamber  
  20  2:58  Evolution Chamber  
  20  3:01  Drone  
  20  3:10  Extractor  
  20  3:15  Zergling x6  
  20  3:19  Zergling x2  
  24  3:36  Zergling x8  
  24  3:40  Baneling x2  
  24  3:41  Baneling  
  17  4:06  Zergling x2  
  18  4:14  Drone x3  
  14  4:40  Drone x3  
  14  4:44  Zerg Missile Weapons Level 1, Zerg Melee Weapons Level 1  
  18  4:59  Zergling x2  
  19  5:03  Zergling x2  
  18  5:07  Queen  
  20  5:22  Drone  
  20  5:23  Drone  
  20  5:24  Hatchery  
  21  5:36  Baneling  
  21  5:37  Baneling x2  
  21  5:39  Drone  
  22  5:45  Drone  
  23  5:57  Drone  
  24  6:06  Drone  
  25  6:21  Roach Warren, Zergling x6  
  25  6:24  Overlord  
  27  6:34  Drone  
  28  6:40  Drone  
  29  6:57  Overlord  
  29  7:01  Pneumatized Carapace  
  29  7:05  Zergling x6  
  32  7:14  Drone x2  
  34  7:17  Drone  
  35  7:25  Zergling x2  
  35  7:28  Roach  
  38  7:41  Drone  
  39  7:45  Extractor  
  39  7:50  Drone x3  
  41  7:56  Baneling x2  
  41  8:07  Zergling x2  
  41  8:08  Zergling x14  
  49  8:15  Drone  
  49  8:19  Drone  
  50  8:20  Extractor  
  50  8:21  Extractor  
  50  8:26  Drone  
  49  8:36  Lair  
  49  8:40  Drone x2  
  50  8:49  Overlord x3  
  50  8:50  Overlord x2  
  50  9:00  Drone  
  51  9:07  Drone  
  52  9:10  Drone  
  52  9:11  Drone  
  54  9:18  Zergling x2  
  57  9:24  Roach x4  
  57  9:27  Roach x2  
  57  9:28  Roach  
  69  9:39  Spore Crawler  
  69  9:42  Spore Crawler  
  67  9:48  Roach x4  
  67  9:49  Spire  
  74  9:55  Roach  
  74  9:56  Roach  
  78  10:03  Zerg Melee Weapons Level 2  
  76  10:11  Spore Crawler  
  74  10:34  Spore Crawler  
  74  10:35  Spore Crawler  
  35  11:10  Overlord x3  
  35  11:11  Overlord x2  
  29  11:20  Overlord  
  29  11:28  Queen  
  21  11:59  Spore Crawler  
  21  12:00  Spore Crawler  
  16  12:03  Zergling x8  
  16  12:04  Zergling x6  
  23  12:09  Drone  
  22  12:57  Roach  
  22  12:58  Roach x2, Spawning Pool  
  25  13:04  Drone  
  25  13:14  Drone  
  19  13:44  Drone  
  19  13:45  Drone x2  
  19  13:46  Queen  
  24  14:15  Zergling x2  
  24  14:16  Zergling x4  
  21  14:30  Hatchery  
  19  14:57  Zergling x2  
  19  14:58  Zergling x4  
Tags
 
Add a new tag
Caveats
  • Supply blocks, unpowered buildings, or Contaminate may cause inaccurate times.
  • Supply counts are checked every 10 seconds.